 Dungeon Crawl Stone Soup version 0.28.0-53-g5a82cb258f (webtiles) character file.

Game seed: 18413413185657818018

60 cbfl8 the Skirmisher (level 3, 0/29 HPs)
             Began as a Demonspawn Berserker on July 20, 2022.
             Was a Believer of Trog.
             Splashed by a jelly's acid (5 damage)
             ... on level 4 of the Dungeon.
             The game lasted 00:02:24 (4157 turns).

cbfl8 the Skirmisher (Demonspawn Berserker)         Turns: 4157, Time: 00:02:25

Health: 0/29       AC:  0    Str: 19    XL:     3   Next: 82%
Magic:  3/3        EV: 12    Int: 14    God:    Trog [**....]
Gold:   68         SH:  0    Dex: 12    Spells: 2/2 levels left

rFire   . . .      SeeInvis .   a - +0 hand axe
rCold   . . .      Faith    .   (no shield)
rNeg    . . .      Spirit   .   h - +0 leather armour
rPois   .          Reflect  .   (helmet restricted)
rElec   .          Harm     .   f - +0 cloak
rCorr   .          Rampage  .   (no gloves)
Will    .....                   (no boots)
Stlth   ++........              (no amulet)
HPRegen 0.09/turn               d - +6 ring of intelligence
MPRegen 0.08/turn               (no ring)

@: corroded
A: horns 1, sturdy frame 1
a: Renounce Religion, Berserk, Trog's Hand


You were on level 4 of the Dungeon.
You worshipped Trog.
Trog was pleased with you.
You visited 1 branch of the dungeon, and saw 4 of its levels.

You collected 68 gold pieces.

Inventory:

Hand Weapons
 a - a +0 hand axe (weapon)
Armour
 b - a +0 animal skin
 f - a +0 cloak (worn)
 h - a +0 leather armour (worn)
Jewellery
 d - a +6 ring of intelligence (left hand)
Scrolls
 c - 5 scrolls of identify {unknown}
 i - a scroll of fear {unknown}
 j - a scroll of magic mapping {unknown}
Potions
 e - 2 potions of mutation {unknown}
 g - a potion of lignification {unknown}


   Skills:
 + Level 3.6 Fighting
 + Level 3.3 Axes
 + Level 2.0 Armour
 + Level 2.1 Dodging
 + Level 1.2 Stealth


You had 2 spell levels left.
You didn't know any spells.
Your spell library was empty.

Dungeon Overview and Level Annotations

Branches:
Dungeon (4/15)
 Temple: D:4-7

Altars:
Wu Jian
Zin


Innate Abilities, Weirdness & Mutations

You have a pair of small horns on your head.
Your movements are slightly less encumbered by armour. (ER -2)


Message History

Found 25 stones.
A dart slug is nearby!
A dart slug is nearby!
A dart slug is nearby!
You hit the dart slug.
The dart slug is heavily wounded.
The dart slug completely misses you.
A dart slug is nearby!
You hit the dart slug.
You kill the dart slug!
Trog accepts your kill.
You see here a dart slug corpse.
Key pressed, stopping explore.
No target in view!
No target in view!
A jelly comes into view.
Found a stone staircase leading up.
The jelly quivers.
A jelly is nearby!
A jelly is nearby!
You hit the jelly. The acid corrodes you!
Your hands burn!
The jelly is lightly wounded.
The jelly misses you.
A jelly is nearby!
You hit the jelly.
Your hands burn!
The jelly is moderately wounded.
The jelly closely misses you. The jelly barely misses you.
A jelly is nearby!
You hit the jelly but do no damage.
Your hands burn!
The jelly is moderately wounded.
The jelly hits you.
You are splashed with acid!
* * * LOW HITPOINT WARNING * * *
A jelly is nearby!
You are too injured to fight recklessly!
A jelly is nearby!
You are too injured to fight recklessly!
A jelly is nearby!
You are too injured to fight recklessly!
You hit the jelly but do no damage.
Your hands burn!
You die...

#.......#
#.........#
####.####
##.......##
#.######
#.###<)##
#......# #. #.<#
##.####.# .. #..#
#...###.#######.#
#..#
#.....#.#........
#..#
#...#............
...#
##.####.#@####..
.... #......#J#
...# ########.#
#.# #.# ..< ...
...


You could see a jelly.

Vanquished Creatures
  An adder (D:2)
  A worm (D:3)
  A dart slug (D:4)
  6 bats
  5 endoplasms
  2 giant cockroaches (D:1)
  7 hobgoblins
  6 kobolds
  A quokka (D:3)
  3 ball pythons
  5 frilled lizards
  A goblin (D:1)
  6 rats
45 creatures vanquished.

Notes
Turn   | Place    | Note
-------+----------+-------------------------------------------
     0 | D:1      | cbfl8 the Demonspawn Berserker began the quest for the Orb.
     0 | D:1      | Reached XP level 1. HP: 18/18 MP: 1/1
   420 | D:1      | Gained mutation: You have a pair of small horns on your
                  | head. [demonic ancestry]
   420 | D:1      | Reached XP level 2. HP: 19/24 MP: 2/2
  2279 | D:2      | Reached ** piety under Trog
  2280 | D:2      | Reached skill level 1 in Stealth
  2280 | D:2      | Gained mutation: Your movements are slightly less
                  | encumbered by armour. (ER -2) [demonic ancestry]
  2280 | D:2      | Reached XP level 3. HP: 14/29 MP: 3/3
  2831 | D:2      | Found a faded altar of an unknown god.
  3911 | D:3      | Found an ornate altar of the Wu Jian Council.
  3923 | D:3      | Noticed a spectral centipede
  3923 | D:3      | Noticed a spectral black mamba
  3923 | D:3      | Noticed a spectral scorpion
  3923 | D:3      | Noticed a spectral cane toad
  4157 | D:4      | Splashed by a jelly's acid

Illustrated notes

Levels and vault maps discovered:
D:1:      dpeg_arrival_tiny_i, layout_basic
D:2:      layout_rooms, hellmonk_ecumenical_altar_zigzags
D:3:      layout_loops_ring, pdpol_wu_jian_five_deadly_venoms
D:4:      layout_loops_cross, cheibriados_altar_1, zin_statuary,
          trog_hazing_becter, serial_shops, kennysheep_little_box,
          chequers_serial_rivers_marsh, uniq_grinder

Skill      XL: |  1  2  3 |
---------------+----------+-----
Armour         | 2 |  2.0
Axes           | 3 |  3.3
Stealth        | 1 |  1.2
Dodging        | 2 |  2.1
Fighting       | |  3.6

Action                   || total
-------------------------++-------
Melee: Hand axe          ||   147
       Punch             ||     1
       Headbutt          ||    10
 Stab: Sleeping          ||     3
Armor: Animal skin       ||    23
       Leather armour    ||    10
Dodge: Dodged            ||   109
